AoeStats
← bullseyes

African Clearing

506066709Analyzed
4v4 RM · 21d ago on Sep 12, 2026· 45m 25s· 8 players
Game mode
Random Map
Map size
Large (8 player)
Population
200
Speed
Normal
Resources
Standard
Victory
Conquest
Starting age
Dark Age
Ending age
Imperial Age
RankedLock teamsTeams togetherTeam positionsShared explorationLock speedFull tech treeHidden civsTurbo modeCheats
Victory
Defeat
🇨🇳 Magyars · China
1559
+13
🇦🇷 Mongols · Argentina
1537
+14
🇨🇳 Poles · China
1521
+15
🇧🇷 Chinese · Brazil
1502
+16
🇯🇵 Tupi · Japan
1565
-17
🇧🇪 Berbers · Belgium
1540
-16
🇨🇳 Poles · China
1538
-16
🇭🇰 Spanish · Hong Kong SAR China
1351
-9
逆·风
3:24 Loom
15:31 Feudal Age
16:05 Double-Bit Axe
16:31 Fishing Lines
20:04 Castle Age
19:47 Town Watch
20:10 Fletching
21:00 Bodkin Arrow
21:19 Bow Saw
20:50 Horse Collar
26:11 Heavy Plow
26:50 Wheelbarrow
29:06 Padded Archer Armor
31:11 Gold Mining
31:12 Stone Mining
33:59 Leather Archer Armor
35:07 Ballistics
34:34 Crossbowman
35:24 Thumb Ring
36:28 Hand Cart
41:44 Imperial Age
43:57 Bracer
44:27 Gillnets
46:06 Chemistry
46:21 Ring Archer Armor
46:20 Conscription
倒挂着的树枝
10:26 Loom
14:05 Feudal Age
15:01 Double-Bit Axe
18:12 Castle Age
16:28 Fletching
19:13 Bow Saw
19:15 Bodkin Arrow
21:31 Horse Collar
22:33 Stone Mining
26:50 Ballistics
29:12 Padded Archer Armor
29:46 Husbandry
30:43 Gold Mining
37:24 Imperial Age
35:56 Wheelbarrow
36:13 Leather Archer Armor
36:12 Bloodlines
36:43 Wheelbarrow
38:26 Bracer
39:33 Chemistry
39:51 Parthian Tactics
39:38 Elite Mangudai
42:29 Conscription
44:47 Hand Cart
yesila
12:18 Feudal Age
12:24 Loom
13:07 Double-Bit Axe
14:15 Horse Collar
17:40 Fishing Lines
23:13 Castle Age
22:38 Scale Barding Armor
24:38 Bow Saw
25:18 Wheelbarrow
28:09 Chain Barding Armor
28:34 Gold Mining
29:09 Bloodlines
29:00 Husbandry
30:10 Hand Cart
30:07 Stone Mining
32:45 Gold Shaft Mining
33:06 Heavy Plow
36:02 Imperial Age
36:04 Elite Magyar Huszar
37:05 Conscription
37:34 Plate Barding Armor
38:33 Corvinian Army
39:55 Two-Man Saw
43:42 Crop Rotation
Yuzu
10:19 Loom
12:05 Feudal Age
13:04 Double-Bit Axe
13:23 Man-at-Arms
16:01 Arson
16:50 Scale Mail Armor
17:20 Fletching
18:30 Horse Collar
27:25 Castle Age
25:31 Stone Mining
26:51 Scale Barding Armor
27:16 Bloodlines
28:36 Bow Saw
28:03 Light Cavalry
28:57 Forging
28:51 Heavy Plow
29:10 Husbandry
30:40 Wheelbarrow
30:05 Pikeman
31:52 Chain Mail Armor
32:29 Squires
38:34 Bodkin Arrow
45:45 Hand Cart
昙花生
10:28 Loom
12:35 Feudal Age
17:29 Castle Age
17:03 Double-Bit Axe
17:05 Horse Collar
20:43 Town Watch
21:23 Bow Saw
22:12 Heavy Plow
24:04 Wheelbarrow
25:53 Szlachta Privileges
27:05 Scale Barding Armor
27:58 Bloodlines
27:48 Husbandry
29:11 Chain Barding Armor
29:26 Forging
36:06 Iron Casting
38:42 Imperial Age
37:12 Fletching
37:38 Hand Cart
38:26 Gold Mining
38:27 Stone Mining
39:26 Cavalier
40:34 Conscription
41:57 Blast Furnace
40:58 Light Cavalry
41:50 Bodkin Arrow
41:56 Scale Mail Armor
44:14 Winged Hussar
yu_k1
10:16 Loom
13:06 Feudal Age
16:39 Fletching
21:32 Castle Age
22:13 Bodkin Arrow
32:33 Ballistics
41:36 Imperial Age
39:58 Gold Mining
41:05 Horse Collar
41:13 Double-Bit Axe
41:17 Town Watch
42:13 Wheelbarrow
42:27 Bracer
小小鸡
3:47 Loom
13:40 Feudal Age
18:35 Castle Age
25:59 Double-Bit Axe
28:11 Horse Collar
32:11 Wheelbarrow
40:04 Bow Saw
42:36 Heavy Plow
bullseyes
13:18 Feudal Age
12:20 Loom
17:18 Castle Age
15:06 Double-Bit Axe
16:11 Stone Mining
16:33 Town Watch
17:27 Horse Collar
18:10 Bow Saw
17:52 Fletching
24:00 Wheelbarrow
26:57 Bodkin Arrow
34:03 Ballistics
36:23 Hand Cart
38:18 Gold Mining
41:37 Imperial Age
39:51 Bloodlines
44:40 Husbandry
Connection lost

Rejoining the realm…

Still unreachable

The connection could not be restored.

Session expired

The server has moved on; the page needs a fresh start.